 Dungeon Crawl Stone Soup version 0.17.1-3-g152610e (webtiles) character file.

394 Tonyroy the Shield-Bearer (level 6, -6/56 HPs)
             Began as a Minotaur Fighter on Mar 21, 2016.
             Killed by divine providence
             ... invoked by an orc priest
              (9 damage)
             ... on level 4 of the Dungeon.
             The game lasted 00:17:45 (2850 turns).

Tonyroy the Shield-Bearer (Minotaur Fighter)        Turns: 2850, Time: 00:17:46

Health: -6/56      AC:  9    Str: 28    XL:     6   Next: 51%
Magic:  5/5        EV:  7    Int:  5    God:
Gold:   166        SH: 10    Dex:  9    Spells: 0 memorised, 5 levels left

rFire  . . .     SeeInvis .     r - +1 war axe
rCold  . . .     Clarity  .     q - +0 chain mail
rNeg   . . .     SustAt   .     c - +0 shield
rPois  .         Gourm    .     (helmet restricted)
rElec  .         Spirit   .     (no cloak)
rCorr  .         Warding  .     (no gloves)
rMut   .         Stasis   .     (no boots)
MR     .....                    (no amulet)
Stlth  ..........               (no ring)
                                (no ring)

@: mighty, not resistant to hostile enchantments, extremely unstealthy
A: retaliatory headbutt, horns 2
a: no special abilities


You were on level 4 of the Dungeon.
You were not hungry.

You visited 1 branch of the dungeon, and saw 4 of its levels.

You collected 166 gold pieces.

Inventory:

Hand Weapons
 r - a +1 war axe (weapon)
Missiles
 j - 234 stones (quivered)
Armour
 c - a +0 shield (worn)
 q - a +0 chain mail (worn)
Jewellery
 i - a +4 ring of strength
Scrolls
 p - 2 scrolls of remove curse
 u - 2 scrolls of identify
 y - a scroll of random uselessness
Potions
 g - 4 potions of curing
 t - a potion of brilliance
Comestibles
 a - 2 chunks of flesh
 e - 3 bread rations
 o - a meat ration
 A - a beef jerky


   Skills:
 + Level 5.2 Fighting
 + Level 3.8 Axes
 + Level 1.5 Throwing
 + Level 4.7 Armour
 + Level 2.1 Dodging
 + Level 0.5 Stealth
 + Level 5.6 Shields


You had 5 spell levels left.
You didn't know any spells.

Dungeon Overview and Level Annotations

Branches:
Dungeon (4/15)
 Temple: D:4-7

Altars:
Fedhas
Kikubaaqudgha


Innate Abilities, Weirdness & Mutations

You reflexively headbutt those who attack you in melee.
You have a pair of horns on your head.


Message History

You feel very mighty all of a sudden. You block the orc wizard's attack.
You slash the orc wizard! You headbutt the orc wizard.
You kill the orc wizard!
You slash the worker ant!
The worker ant is heavily wounded.
The worker ant bites you.
* * * LOW HITPOINT WARNING * * *
The worker ant closely misses you. You furiously retaliate!
You headbutt the worker ant. You closely miss the worker ant.
You headbutt the worker ant.
You kill the worker ant!
The phantom blinks!
You block the orc priest's attack.
You see here a worker ant corpse.
You slash the orc priest!
The orc priest is almost dead.
The orc priest hits you but does no damage.
The orc priest mumbles some strange prayers to Beogh against you.
Something smites you!
You die...

..%......###### ##
.####....# .
.......÷##
.###..##.....#######
..... #.##........#
......... #........#
#<..## #........#
#....####.#......#
#..@o..#..)...#
####)..#.(....#
..#####§.#######.#
........W### ...
######.....# #..#
##....# #.#
#)#......# .#
#..#......#
#W##......#


You could see a phantom and an orc priest.

Vanquished Creatures
  The ghost of Heskey the Skirmisher, an amateur DsFi of Makhleb (D:4)
  Ijyb (D:2)
  An orc priest (D:4)
  An orc wizard (D:4)
  An iguana (D:4)
  3 worker ants
  A gnoll (D:1)
  4 adders
  An ooze (D:1)
  An adder zombie (D:2)
  An adder skeleton (D:2)
  3 worms
  A giant gecko (D:2)
  2 orcs (D:4)
  A bat skeleton (D:2)
  A giant cockroach (D:2)
  14 goblins
  9 hobgoblins
  6 jackals
  9 bats
  A giant gecko skeleton (D:2)
  4 giant newts
  A jackal skeleton (D:2)
  2 kobolds (D:1)
  A quokka (D:2)
  10 rats
  A plant (D:2)
82 creatures vanquished.

Notes
Turn   | Place    | Note
--------------------------------------------------------------
     0 | D:1      | Tonyroy the Minotaur Fighter began the quest for the Orb.
     0 | D:1      | Reached XP level 1. HP: 19/19 MP: 0/0
   247 | D:1      | Reached skill level 4 in Fighting
   247 | D:1      | Reached XP level 2. HP: 25/27 MP: 1/1
   939 | D:1      | Reached XP level 3. HP: 34/34 MP: 2/2
  1086 | D:2      | Noticed Ijyb
  1095 | D:2      | Killed Ijyb
  1095 | D:2      | Reached skill level 1 in Dodging
  1095 | D:2      | Reached XP level 4. HP: 39/41 MP: 3/3
  1246 | D:2      | Reached skill level 1 in Throwing
  1414 | D:2      | Found an ancient bone altar of Kikubaaqudgha.
  1987 | D:2      | Found a blossoming altar of Fedhas.
  2108 | D:3      | Reached XP level 5. HP: 47/47 MP: 4/4
  2693 | D:4      | Noticed Heskey's ghost (amateur DsFi)
  2703 | D:4      | Killed Heskey's ghost
  2703 | D:4      | Reached skill level 5 in Fighting
  2703 | D:4      | Reached skill level 5 in Shields
  2703 | D:4      | Reached XP level 6. HP: 44/56 MP: 5/5
  2819 | D:4      | Noticed a phantom
  2845 | D:4      | HP: 2/56 [worker ant (6)]
  2850 | D:4      | Killed from afar by an orc priest

Action                   |  1- 3 |  4- 6 || total
-------------------------+-------+-------++-------
Melee: War axe           |    49 |   142 ||   191
Throw: Stone             |    38 |       ||    38
  Use: Potion            |     2 |     2 ||     4
       Scroll            |     1 |     5 ||     6
  Eat: Chunk             |       |     6 ||     6
